 Dungeon Crawl Stone Soup version 0.31.0-9-g3a7656b989 (webtiles) character file.

Game seed: 2268429704045537203

1257401 emikaela the Bringer of Law (level 27, 279/279 HPs)
             Began as an Oni Alchemist on Jan 19, 2024.
             Was the Champion of Zin.
             Escaped with the Orb
             ... and 3 runes on Jan 25, 2024!
             The game lasted 10:34:15 (140627 turns).

emikaela the Bringer of Law (Oni Alchemist)       Turns: 140627, Time: 10:34:15

Health: 279/279    AC: 16    Str: 20    XL:     27
Magic:  51/53      EV: 10    Int: 26    God:    Zin [******]
Gold:   1131       SH: 17    Dex:  9    Spells: 5/60 levels left

rFire   + . .        a - +8 eveningstar (spect)
rCold   + + .        N - +5 kite shield {reflect}
rNeg    + . .        v - quicksilver dragon scales
rPois   .            X - +2 hat
rElec   +            J - scarf {rC+ rF+}
rCorr   +            (gloves unavailable)
SInv    +            (boots unavailable)
Will    +++..        b - amulet of the Air {Inacc Air Fly rElec RMsl}
Stlth   +            x - ring "Deanitos" {rCorr SInv}
HPRegen 0.66/turn    q - ring of the Peasants {rC+ rN+ MP+9}
MPRegen 0.33/turn

%: inaccuracy (-5), repel missiles, reflection
@: flying
A: large, unfitting armour, horns 1, tough skin 1, double potion healing,
drunken brawling
0: Orb of Zot
}: 3/15 runes: barnacled, slimy, gossamer
a: Renounce Religion, Recite, Vitalisation, Imprison, Sanctuary, Donate Gold


You escaped.
You worshipped Zin.
Zin was exalted by your worship.
You visited 10 branches of the dungeon, and saw 51 of its levels.
You visited 1 bazaar.
You also visited: Ice Cave.

You collected 9775 gold pieces.
You spent 6893 gold pieces at shops.
You donated 1751 gold pieces to Zin.

Inventory:

Hand Weapons
 a - a +8 spectral eveningstar (weapon)
Missiles
 j - 20 silver javelins
 n - 4 throwing nets (quivered) {!f}
 F - 64 large rocks
 I - 17 javelins
Armour
 s - +4 fire dragon scales
 v - quicksilver dragon scales (worn)
 J - a scarf of resistance (worn)
 N - a +5 kite shield of reflection (worn)
 T - a +2 cloak of cold resistance
 X - a +2 hat (worn)
Magical Staves
 Y - the staff of Honyoc {rC+ MP+9 Int+2 Ice}
   (You found it on level 4 of the Lair of Beasts)

   [staff of cold]

   Base accuracy: +5 Base damage: 5 Base attack delay: 1.2 This weapon's minimum
   attack delay (0.6) is reached at skill level 12.
   Int+2:     It affects your intelligence (+2).
   rC+:       It protects you from cold.
   MP+9:      It affects your magic capacity (+9).
   Ice:       It increases the power of your Ice spells.
   It falls into the 'Staves' category.
   It is a one-handed weapon.
Jewellery
 b - the amulet of the Air (around neck) {Inacc Air Fly rElec RMsl}
   (You bought it in a shop on level 3 of the Elven Halls)

   [amulet of nothing]

   Inacc:     It reduces the accuracy of your attacks and spells.
   Air:       It enhances your air magic.
   rElec:     It insulates you from electricity.
   Fly:       It grants you flight.
   RMsl:      It protects you from missiles.
 c - a ring of wizardry
 o - the ring "Maumef" {rPois rN+ Int+2}
   (You found it on level 5 of the Pits of Slime)

   [ring of poison resistance]

   Int+2:     It affects your intelligence (+2).
   rPois:     It protects you from poison rN+: It protects you from negative
   energy.
 q - the ring of the Peasants (right hand) {rC+ rN+ MP+9}
   (You bought it in a shop on level 11 of the Dungeon)

   [ring of magical power]

   rC+:       It protects you from cold.
   rN+:       It protects you from negative energy.
   MP+9:      It affects your magic capacity (+9).
 t - a +4 ring of protection
 x - the ring "Deanitos" (left hand) {rCorr SInv}
   (You took it off a deep elf high priest on level 3 of the Elven Halls)

   [ring of see invisible]

   SInv:      It lets you see invisible.
   rCorr:     It protects you from acid and corrosion.
 z - the ring "Xeirouta" {Ice Fly rElec Slay+5 Stlth-}
   (You took it off a centaur warrior on level 2 of the Vaults)

   [ring of ice]

   Ice:       It enhances your ice magic.
   Slay+5:    It affects your accuracy & damage with ranged weapons and melee
   (+5).
   rF-:       It makes you vulnerable to fire.
   rC+:       It protects you from cold.
   rElec:     It insulates you from electricity.
   Fly:       It grants you flight.
   Stlth-:    It makes you less stealthy.
 E - a ring of protection from fire
 Z - the amulet "Dix Fevvo" {Fly Regen+ Str+2 Dex+4}
   (You took it off a merfolk on level 4 of the Shoals)

   [amulet of regeneration]

   Str+2:     It affects your strength (+2).
   Dex+4:     It affects your dexterity (+4).
   Fly:       It grants you flight.
   Regen+:    It increases your rate of health regeneration.
Wands
 G - a wand of digging (8)
 O - a wand of mindburst (46)
 P - a wand of paralysis (62)
 Q - a wand of roots (31)
 U - a wand of light (20)
Scrolls
 f - 2 scrolls of fear
 g - 4 scrolls of fog
 l - 6 scrolls of blinking
 p - 19 scrolls of teleportation
 r - 9 scrolls of poison {!r}
 u - 6 scrolls of silence {!r}
 B - 5 scrolls of butterflies
 L - a scroll of amnesia
Potions
 d - 8 potions of invisibility
 h - 15 potions of curing
 i - 3 potions of resistance
 k - 17 potions of haste
 m - 2 potions of brilliance
 y - 5 potions of magic
 A - 10 potions of ambrosia
 D - 5 potions of might
 R - 14 potions of mutation {!q}
 S - 7 potions of enlightenment
 V - 4 potions of heal wounds
Miscellaneous
 e - a condenser vane
 H - a phantom mirror (inert)
 K - a sack of spiders
 M - a lightning rod (4/4)
 W - a phial of floods


   Skills:
 + Level 17.4 Fighting
 - Level 16.0 Maces & Flails
 + Level 14.3 Throwing
 - Level 12.0 Armour
 - Level 10.0 Dodging
 - Level 5.0 Stealth
 - Level 16.0 Shields
 + Level 17.3 Spellcasting
 - Level 10.0 Conjurations
 - Level 4.0 Translocations
 - Level 15.0 Fire Magic
 + Level 18.2 Air Magic
 - Level 4.0 Earth Magic
 - Level 11.0 Alchemy
 * Level 20.4 Invocations
 - Level 10.0 Evocations


You had 5 spell levels left.
You knew the following spells:

 Your Spells              Type           Power      Damage    Failure   Level
a - Maxwell's Capacitive  Air            54%        ∞         19%         8
b - Starburst             Conj/Fire      36%        6d11      4%          6
c - Mephitic Cloud        Conj/Alch/Air  94%        N/A       1%          3
d - Plasma Beam           Fire/Air       52%        2x1d67    1%          6
e - Eringya's Noxious Bo  Alch           34%        4d6       9%          6
g - Arcjolt               Conj/Air       48%        1d58      1%          5
l - Blink                 Tloc           86%        N/A       1%          2
p - Apportation           Tloc           86%        N/A       1%          1
s - Sticky Flame          Fire/Alch      74%        2d12      1%          4
t - Olgreb's Toxic Radia  Alch           68%        N/A       1%          4
v - Mercury Vapours       Alch/Air       100%       N/A       1%          2
w - Passwall              Erth           43%        N/A       3%          3
x - Alistair's Intoxicat  Alch           45%        N/A       1%          5

Your spell library contained the following spells:

 Spells                   Type           Power      Damage    Failure   Level
 Foxfire                  Conj/Fire      100%       2x1d9     1%          1
 Kiss of Death            Conj/Necr      100%       2d13      1%          1
 Magic Dart               Conj           100%       1d8       1%          1
 Sandblast                Erth           86%        2d18      1%          1
 Sting                    Conj/Alch      100%       1d9       1%          1
 Lesser Beckoning         Tloc           86%        N/A       1%          2
 Momentum Strike          Conj/Tloc      100%       3d10      1%          2
 Static Discharge         Conj/Air       100%       3-8/arc   1%          2
 Dazzling Flash           Conj/Hex       96%        N/A       1%          3
 Hailstorm                Conj/Ice       48%        3d10      1%          3
 Inner Flame              Hex/Fire       57%        N/A       1%          3
 Stone Arrow              Conj/Erth      100%       3d13      1%          3
 Flame Wave               Conj/Fire      72%        2d16      1%          4
 Fulminant Prism          Conj/Alch      33%        3d15      1%          4
 Fireball                 Conj/Fire      36%        3d15      1%          5
 Brom's Barrelling Bould  Conj/Erth      56%        2d7       2%          4
 Leda's Liquefaction      Alch/Erth      28%        N/A       2%          4
 Summon Blazeheart Golem  Fire/Summ      57%        N/A       2%          4
 Iskenderun's Battlesphe  Conj           65%        2d11      2%          5
 Silence                  Hex/Air        40%        N/A       3%          5
 Necrotise                Necr           88%        1d8       4%          1
 Summon Small Mammal      Summ           88%        N/A       4%          1
 Call Imp                 Summ           44%        N/A       8%          2
 Ensorcelled Hibernation  Hex/Ice        44%        N/A       8%          2
 Jinxbite                 Hex            44%        N/A       8%          2
 Manifold Assault         Tloc           43%        N/A       10%         4
 Call Canine Familiar     Summ           22%        N/A       16%         3
 Confusing Touch          Hex            22%        N/A       16%         3
 Fugue of the Fallen      Necr           22%        N/A       16%         3
 Ozocubu's Armour         Ice            22%        N/A       16%         3
 Sigil of Binding         Hex            22%        N/A       16%         3
 Summon Ice Beast         Ice/Summ       22%        N/A       16%         3
 Dimensional Bullseye     Hex/Tloc       16%        N/A       22%         4
 Anguish                  Hex/Necr       11%        N/A       45%         4
 Cause Fear               Hex            11%        N/A       45%         4
 Dispel Undead            Necr           22%        3d12      45%         4
 Borgnjor's Vile Clutch   Necr/Erth      16%        N/A       52%         5
 Summon Forest            Summ/Tloc      16%        N/A       52%         5
 Curse of Agony           Necr           22%        N/A       80%         5
 Metabolic Englaciation   Hex/Ice        11%        N/A       80%         5
 Summon Mana Viper        Hex/Summ       22%        N/A       80%         5
 Conjure Ball Lightning   Conj/Air       48%        3x3d17    2%          6
 Orb of Destruction       Conj           32%        9d10      56%         7
 Sculpt Simulacrum        Ice/Alch       25%        N/A       63%         6
 Dispersal                Tloc           21%        N/A       83%         6
 Spellforged Servitor     Conj/Summ      24%        N/A       99%         7
 Summon Cactus Giant      Summ           11%        N/A       100%        6
 Monstrous Menagerie      Summ           11%        N/A       100%        7
 Summon Hydra             Summ           11%        N/A       100%        7
 Disjunction              Tloc           21%        N/A       100%        8
 Chain Lightning          Conj/Air       48%        3d64      100%        9
 Dragon's Call            Summ           11%        N/A       100%        9
 Fire Storm               Conj/Fire      36%        8d9       100%        9
 Shatter                  Erth           21%        3d19*     100%        9


Dungeon Overview and Level Annotations

Branches:
Dungeon (15/15)            Temple (0/1) D:7            Lair (5/5) D:9
 Shoals (4/4) Lair:2       Spider (4/4) Lair:3        Slime (5/5) Lair:4
    Orc (2/2) D:10            Elf (3/3) Orc:2        Vaults (4/5) D:13
  Crypt (0/3) Vaults:2     Depths (4/4) D:15            Zot (5/5) Depths:4
  IceCv (visited)

Altars:
Dithmenos
Elyvilon
Gozag
Qazlal
Sif Muna
Xom
Yredelemnul
Zin
Jiyva

Shops:
D:1 :   D:11 (?*=(   D:12 :!=   Orc:2 (*!*   Elf:3 =*?*[   Shoals:2 :!
Vaults:1 *   Vaults:3 =   Depths:2 ?(:(?

Portals:
Hell: Depths:1 Depths:2 Depths:3 Depths:4
Abyss: Depths:2 Depths:3
Pandemonium: Depths:1 Depths:2 Depths:3
Ziggurat: Depths:2

Annotations:
D:7 2 transporters, NitroKuite's ghost, novice MiBe
D:14 3 runed translucent doors, Kapsuk's ghost, journeyman DECj; Roxanne
Slime:2 exclusions: golden eye and rockslime
Elf:1 1 runed translucent door, Tautzat's ghost, journeyman DsFi
Elf:2 3 runed translucent doors
Vaults:4 3 runed translucent doors, crisisinutopia's ghost, adept MiFi; tamionv's ghost, adept GrFi


Innate Abilities, Weirdness & Mutations

You are too large for most types of armour.
You have a pair of small horns on your head.
You have tough skin. (AC +1)
You gain doubled healing and magic from potions.
Whenever you drink a healing potion, you attack all around you.


Message History

The blizzard demon gestures at you. The bolt of cold misses you.
Casting: Sticky Flame (safe; 1% risk of failure)
Confirm with . or Enter, or press ? or * to list all spells.
Aiming: Sticky Flame (safe; 1% risk of failure)
Press: ? - help, Shift-Dir - straight line, f - blizzard demon
Aim: a blizzard demon The sticky flame hits the blizzard demon!
The blizzard demon is burned terribly!
The blizzard demon is moderately wounded.
The blizzard demon burns!
The blizzard demon waves its arms in wide circles.
The air twists around and strikes you.
You barely miss the blizzard demon.
The blizzard demon is moderately wounded.
Your +8 spectral eveningstar hits the blizzard demon!!
The blizzard demon burns!
You impale the blizzard demon!!
You kill the blizzard demon!
Your +8 spectral eveningstar disappears.
Casting: Sticky Flame (safe; 1% risk of failure)
Confirm with . or Enter, or press ? or * to list all spells.
Casting: Plasma Beam (mildly dangerous; 1% risk of failure)
Press: ? - help, Dir - look around, f - activate You feel a surge of power!
The bolt of lightning misses the sun demon.
The fiery plasma hits the sun demon.
The sun demon completely resists.
You closely miss the sun demon. Your headbutt misses the sun demon.
Your +8 spectral eveningstar closely misses the sun demon.
The sun demon completely misses you.
You puncture the sun demon!
The sun demon is moderately wounded.
Your +8 spectral eveningstar hits the sun demon!!
You block the sun demon's attack.
You impale the sun demon!!
You kill the sun demon!
Your +8 spectral eveningstar disappears.
HP restored.
Zin will now cleanse your potions of mutation.
You have escaped!

#........#......####.#..##
#........###....'....#.#######
#........# ##...####.........#
#........# ##...# #.#######.#
#........###....# #.# #.#
###########..#### #.# ####.#
#.#.### #.# #....#
#.#...####.# #....#
#.#@#.#..#.# #....'
#.###..#.#.# #....#
#........#.# #....#
#.....##'#.# ###..#
##.........# ###..#
####.##.#.# #....# #.#.#..#.#
#...∩. #...####.# #.##.. #####
#.# #.##..


There were no monsters in sight!

Vanquished Creatures
  the Royal Jelly (Slime:5)
  A dread lich (Zot:2)
  2 ancient liches
  A pandemonium lord (D:10)
  5 orbs of fire
  Mara (D:15)
  Xtahua (Depths:3)
  A shard shrike (IceCv)
  5 Killer Klowns (Zot:5)
  Margery (Vaults:2)
  4 curse toes
  22 golden dragons
  3 doom hounds (Depths:2)
  4 electric golems
  Jorgrun (D:15)
  2 Tzitzimimeh (Depths:2)
  19 tentacled monstrosities
  22 Orb Guardians
  A hellephant (Vaults:2)
  3 liches
  Grunn (Depths:2)
  6 quicksilver dragons
  A walking frostbound tome (Depths:2)
  A deep elf master archer (Elf:3)
  2 deep elf blademasters (Elf:3)
  A walking earthen tome (Depths:3)
  5 titans
  24 acid blobs
  2 sphinxes
  11 death cobs
  11 azure jellies
  6 shadow dragons
  6 tengu reavers
  19 storm dragons
  The ghost of Vochiuc the Eclecticist, an adept DEFE of Vehumet (D:15)
  11 rockslimes
  9 draconian knights
  15 draconian monks
  8 draconian shifters
  Donald (Shoals:2)
  2 fire giants
  5 frost giants
  2 protean progenitors (Zot:5)
  A nargun (Depths:2)
  7 emperor scorpions (Spider:4)
  7 ghost moths
  5 deep elf sorcerers
  Louise (Shoals:2)
  An iron dragon (Zot:1)
  7 vault wardens
  10 draconian scorchers
  5 deep elf elementalists (Elf:3)
  3 reapers
  A spriggan defender (Depths:3)
  5 quicksilver oozes
  6 draconian stormcallers
  11 very ugly things
  13 draconian annihilators
  4 orc warlords
  10 formless jellyfish
  A broodmother (Spider:3)
  9 stone giants
  2 putrid mouths (Depths:2)
  19 ironbound preservers
  7 deep elf death magi
  15 green draconians
  3 vampire knights
  2 war gargoyles (Vaults:3)
  6 deep elf annihilators (Elf:3)
  23 yellow draconians
  14 dire elephants
  5 deep elf demonologists (Elf:3)
  3 ironbound thunderhulks
  13 red draconians
  A minotaur (D:15)
  9 spark wasps
  17 black draconians
  16 white draconians
  15 purple draconians
  A quicksilver dragon zombie (D:15)
  3 ettins
  A crystal guardian (Zot:1)
  5 blizzard demons
  Snorg (Orc:1)
  5 merfolk javelineers (Shoals:4)
  3 jiangshi
  9 merfolk impalers
  8 fire dragons
  12 yaktaur captains
  3 entropy weavers
  A caustic shrike simulacrum (Depths:2)
  3 great orbs of eyes
  7 deep elf high priests
  12 ice dragons
  A peacekeeper (Vaults:3)
  2 hydras (Lair:3)
  2 ogre magi (Vaults:3)
  A catoblepas (D:13)
  A rakshasa (D:14)
  12 ironbound frosthearts
  Erolcha (Orc:2)
  3 spriggan air magi
  7 vault guards
  6 alligator snapping turtles
  22 centaur warriors
  3 boulder beetles
  9 two-headed ogres
  2 merfolk avatars (Shoals:1)
  2 radroaches
  15 dancing weapons
  3 satyrs
  10 demonic crawlers
  8 merfolk aquamancers
  5 deep troll earth magi
  3 tengu warriors (D:14)
  4 deep troll shamans
  5 vampire magi
  Urug (Lair:5)
  11 deep elf knights
  2 soul eaters
  18 hell knights
  3 iron trolls
  2 sun demons
  7 skysharks
  A sixfirhy (Depths:2)
  A death drake (Depths:4)
  5 skeletal warriors (D:15)
  6 orb spiders
  78 deep trolls
  5 arcanists
  9 sea snakes
  A shadow demon (Depths:1)
  4 flayed ghosts
  A swamp dragon (Lair:5)
  A glowing orange brain (shapeshifter) (Depths:3)
  6 glowing orange brains
  34 harpies
  23 deep elf pyromancers
  4 steelbarb worms
  13 deep elf archers
  20 lindwurms
  11 orc knights
  7 ironbound convokers
  3 orange crystal statues
  6 necromancers
  16 deep elf zephyrmancers
  2 orc sorcerers
  32 ugly things
  22 wolf spiders
  10 cyclopes
  7 shining eyes
  5 oklob plants
  A salamander (shapeshifter) (Elf:1)
  20 fauns
  12 manticores
  20 vault sentinels
  21 moths of wrath
  3 meliai (Spider:1)
  5 centaur zombies (D:15)
  3 merfolk sirens
  A guardian serpent (Lair:5)
  A rust devil (Depths:2)
  10 black mambas
  An eye of devastation (shapeshifter) (Zot:2)
  6 elephants
  14 water nymphs
  18 cane toads
  3 kobold blastminers (Orc:2)
  5 eyes of devastation
  A smoke demon (Depths:3)
  2 gargoyles
  4 torpor snails
  2 kobold demonologists
  An unseen horror (D:13)
  14 komodo dragons
  An unseen horror (shapeshifter) (Elf:3)
  24 rime drakes
  A hellion (Zot:3)
  3 golden dragon simulacra (Depths:2)
  42 yaktaurs
  2 efreet (D:14)
  2 tengu conjurers
  6 trolls
  30 merfolk
  3 freezing wraiths
  18 polar bears
  5 hornets
  11 wind drakes
  A hellwing (D:2)
  23 tarantellas
  16 dream sheep
  11 blink frogs
  A glass eye (Slime:5)
  2 frost giant simulacra (Depths:2)
  6 snapping turtles
  72 slime creatures
  26 jumping spiders
  Sigmund (D:2)
  17 culicivoras
  3 vampires
  25 water elementals
  A spriggan (Depths:3)
  8 shadows
  12 air elementals
  A spriggan skeleton (D:15)
  5 wraiths
  A yak (shapeshifter) (D:15)
  7 humans (D:13)
  15 wyverns
  50 yaks
  A fire elemental (Elf:2)
  6 basilisks
  13 golden eyes
  3 wargs
  43 redbacks
  7 vampire mosquitoes
  A steam dragon (Lair:5)
  2 acid dragons
  3 swamp drakes
  24 water moccasins
  40 orc warriors
  4 ice beasts
  2 ettin simulacra (Depths:2)
  3 black bears
  13 ogres
  6 wolves
  4 laughing skulls
  24 centaurs
  A phantom (D:5)
  2 human skeletons (Vaults:2)
  A human zombie (Vaults:2)
  2 kobold brigands
  12 bullfrogs
  2 scorpions
  5 earth elementals
  13 wights
  7 killer bees
  2 troll zombies (D:10)
  2 electric eels
  5 howler monkeys
  A crimson imp (D:11)
  A bombardier beetle (D:5)
  17 jellies
  4 hounds
  23 orc priests
  A gnoll bouda (D:6)
  11 iguanas
  An iron imp (D:11)
  17 orc wizards
  A boggart zombie (D:15)
  Terence (D:2)
  4 ogre zombies (D:10)
  5 adders
  5 gnolls (D:6)
  2 shadow imps
  2 white imps
  2 ufetubi (D:6)
  3 dart slugs
  2 ribbon worms
  99 orcs
  3 bats
  8 endoplasms
  A giant cockroach (D:4)
  5 gnoll zombies (D:10)
  12 hobgoblins
  4 quokkas
  8 ball pythons
  6 frilled lizards
  2 gnoll skeletons (D:10)
  5 goblins
  13 kobolds
  3 orc skeletons (D:10)
  9 orc zombies (D:10)
  3 rats
  2 aspiring fleshes (Zot:5)
  2 spectral weapons
2266 creatures vanquished.

Vanquished Creatures (others)
  7 Orb Guardians (Zot:5)
  A draconian knight (Zot:3)
  A dancing weapon (Elf:1)
  An ogre (Vaults:3)
  3 orc wizards (D:11)
  2 orcs (D:11)
  41 spectral weapons
56 creatures vanquished.

Grand Total: 2322 creatures vanquished

Notes
Turn   | Place    | Note
-------+----------+-------------------------------------------
     0 | D:1      | emikaela the Oni Alchemist began the quest for the Orb.
     0 | D:1      | Reached XP level 1. HP: 16/16 MP: 3/3
   141 | D:1      | Reached skill level 1 in Conjurations
   253 | D:1      | Reached XP level 2. HP: 18/26 MP: 0/5
   259 | D:1      | Reached skill level 1 in Fighting
   321 | D:1      | Learned a level 2 spell: Mercury Vapours
   578 | D:1      | Found Watapn's Book Shoppe.
  1125 | D:2      | Reached XP level 3. HP: 33/33 MP: 0/7
  1523 | D:2      | Noticed Sigmund
  1705 | D:2      | Reached skill level 1 in Air Magic
  1751 | D:2      | Reached XP level 4. HP: 15/42 MP: 0/8
  1896 | D:2      | Noticed Terence
  1904 | D:2      | Killed Terence
  2368 | D:2      | Reached XP level 5. HP: 45/49 MP: 1/9
  2435 | D:2      | Learned a level 3 spell: Mephitic Cloud
  2440 | D:2      | Learned a level 4 spell: Olgreb's Toxic Radiance
  2838 | D:2      | Reached XP level 6. HP: 49/59 MP: 1/11
  3951 | D:2      | Killed Sigmund
  4191 | D:4      | Learned a level 2 spell: Blink
  4294 | D:4      | Reached XP level 7. HP: 67/67 MP: 6/13
  4591 | D:4      | Found a shimmering altar of Xom.
  4735 | D:4      | Found a glowing silver altar of Zin.
  5046 | D:4      | Became a worshipper of Zin the Law-Giver
  5046 | D:4      | Reached * piety under Zin
  5078 | D:5      | Entered Level 5 of the Dungeon
  5078 | D:5      | Found the +1 Delatra's gloves {ID++}
  5178 | D:5      | Reached skill level 1 in Invocations
  5327 | D:5      | Noticed a two-headed ogre
  5534 | D:4      | Reached skill level 2 in Invocations
  5656 | D:5      | Reached skill level 3 in Invocations
  5656 | D:5      | Reached XP level 8. HP: 79/79 MP: 9/15
  5939 | D:5      | Found a shimmering blue altar of Sif Muna.
  5971 | D:5      | Identified the +11 dagger "Q" {flame, rCorr Str+3}
  5994 | D:5      | Identified the +0 ring mail of the Swamp {Str+7}
  6055 | D:5      | Reached skill level 5 in Spellcasting
  6238 | D:5      | Killed a two-headed ogre
  6239 | D:5      | Reached skill level 5 in Fighting
  6239 | D:5      | Reached skill level 5 in Alchemy
  6239 | D:5      | Reached skill level 5 in Invocations
  6458 | D:6      | Reached skill level 6 in Invocations
  6458 | D:6      | Reached XP level 9. HP: 65/88 MP: 5/16
  6483 | D:6      | Learned a level 4 spell: Sticky Flame
  6837 | D:6      | Reached skill level 1 in Fire Magic
  7035 | D:6      | Reached skill level 7 in Invocations
  7995 | D:7      | Reached ** piety under Zin
  8110 | D:7      | Found a transporter.
  8425 | D:7      | Found a basalt altar of Yredelemnul.
  8451 | D:7      | Found a transporter.
  8451 | D:7      | Noticed NitroKuite's ghost (novice MiBe)
  8546 | D:7      | Reached XP level 10. HP: 90/96 MP: 12/18
  8561 | D:7      | Found a staircase to the Ecumenical Temple.
  9076 | D:8      | Reached skill level 1 in Translocations
  9277 | D:8      | Reached skill level 5 in Dodging
  9791 | D:9      | Noticed an elephant
 10002 | D:9      | Reached *** piety under Zin
 10068 | D:9      | Reached skill level 1 in Evocations
 10359 | D:9      | Found a staircase to the Lair.
 10445 | D:9      | Killed an elephant
 10592 | D:9      | Noticed a centaur warrior
 10595 | D:9      | Noticed a cyclops
 10828 | D:9      | Reached skill level 5 in Fire Magic
 10828 | D:9      | Reached skill level 8 in Invocations
 11017 | D:9      | Noticed a centaur warrior
 11029 | D:9      | Killed a centaur warrior
 11030 | D:9      | Reached skill level 9 in Invocations
 11161 | D:9      | Killed a cyclops
 11162 | D:9      | Reached XP level 11. HP: 102/102 MP: 0/20
 11613 | D:9      | Noticed an arcanist
 11628 | D:9      | Killed an arcanist
 11935 | D:9      | Reached skill level 10 in Invocations
 12133 | D:9      | Killed a centaur warrior
 12134 | D:9      | Reached skill level 5 in Evocations
 12346 | D:10     | Entered Level 10 of the Dungeon
 13024 | D:10     | Reached **** piety under Zin
 13165 | D:10     | Noticed a cyclops
 13174 | D:10     | Killed a cyclops
 13771 | D:10     | Found a staircase to the Orcish Mines.
 13774 | D:10     | Reached ***** piety under Zin
 14170 | D:10     | Found a white marble altar of Elyvilon.
 14257 | Orc:1    | Entered Level 1 of the Orcish Mines
 14259 | Orc:1    | Noticed an orc warlord
 14582 | D:11     | Found Qaclayl's General Store.
 14582 | D:11     | You fall into a shaft and drop 2 floors!
 14638 | D:12     | Found Gunoo's Book Emporium.
 14739 | D:12     | Noticed a manticore
 14752 | D:12     | Killed a manticore
 14753 | D:12     | Reached XP level 12. HP: 89/119 MP: 0/22
 15096 | D:11     | Found Ynomeg's Magic Scroll Shop.
 15135 | D:11     | Bought a scroll of amnesia for 44 gold pieces
 15135 | D:11     | Bought a scroll of blinking for 82 gold pieces
 15135 | D:11     | Bought a scroll of blinking for 82 gold pieces
 15135 | D:11     | Bought a scroll of identify for 22 gold pieces
 15135 | D:11     | Bought a scroll of identify for 22 gold pieces
 15389 | D:11     | Found Cusieler's Jewellery Shoppe.
 15637 | D:11     | Found Paclid's Antique Weapon Shoppe.
 15644 | D:11     | Reached ****** piety under Zin
 15790 | D:11     | Bought a scroll of revelation for 120 gold pieces
 15807 | D:11     | Found Vasay's Antique Weapon Boutique.
 16483 | D:10     | Killed an orc warlord
 16484 | D:10     | Reached skill level 11 in Invocations
 16975 | Orc:1    | Upgraded the game from 0.31.0 to 0.31.0-4-g52a2dc7128
 16976 | Orc:2    | Entered Level 2 of the Orcish Mines
 17299 | Orc:2    | Found a staircase to the Elven Halls.
 18715 | Orc:1    | Noticed an orc warlord
 18730 | Orc:1    | Reached skill level 12 in Invocations
 18736 | Orc:1    | Killed an orc warlord
 18884 | Orc:1    | Noticed Snorg
 18896 | Orc:1    | Killed Snorg
 18897 | Orc:1    | Reached XP level 13. HP: 133/133 MP: 12/25
 19181 | Orc:1    | Reached skill level 10 in Fighting
 20160 | Orc:2    | Found Baapops's Distillery.
 20160 | Orc:2    | Found Moreekih's Assorted Antiques.
 20690 | Orc:2    | Found Wulompoa's General Store.
 20692 | Orc:2    | Found Laneidot's Weapon Shop.
 20697 | Orc:2    | Bought a potion of degeneration for 15 gold pieces
 20697 | Orc:2    | Bought a potion of heal wounds for 75 gold pieces
 20697 | Orc:2    | Bought a potion of attraction for 45 gold pieces
 20727 | Orc:2    | Noticed Erolcha
 20752 | Orc:2    | Killed Erolcha
 21050 | D:11     | Bought the ring of the Peasants {rC+ rN+ MP+9} for 458 gold
                  | pieces
 21114 | D:12     | Found Heats's Distillery.
 21812 | D:12     | Found Xoyptino's Jewellery Shop.
 22375 | Lair:1   | Entered Level 1 of the Lair of Beasts
 22837 | D:1      | Bought a book of Fire for 384 gold pieces
 22844 | D:1      | Learned a level 6 spell: Starburst
 22851 | D:1      | Learned a level 6 spell: Plasma Beam
 23231 | Lair:1   | Learned a level 1 spell: Apportation
 24048 | Lair:1   | Identified 2 scrolls of acquirement
 24049 | Lair:1   | Acquired 1285 gold pieces
 24050 | Lair:1   | Acquired a book of Annihilations
 24367 | Lair:2   | Reached skill level 10 in Spellcasting
 24976 | Lair:2   | Found a staircase to the Shoals.
 25024 | Lair:2   | Reached XP level 14. HP: 149/149 MP: 23/28
 26669 | Lair:3   | Found a hole to the Spider Nest.
 26877 | Lair:3   | Learned a level 4 spell: Flame Wave
 27409 | Lair:4   | Reached skill level 5 in Stealth
 27426 | Lair:4   | Reached skill level 5 in Air Magic
 27483 | Lair:4   | Reached skill level 5 in Conjurations
 28075 | Lair:4   | Identified the amulet "Naukaomuoz" {Faith -Tele MP+9 Int+3}
 28340 | Lair:4   | Identified the staff of Honyoc {rC+ MP+9 Int+2 Ice}
 28479 | Lair:5   | Entered Level 5 of the Lair of Beasts
 29933 | Lair:5   | Reached XP level 15. HP: 138/156 MP: 21/30
 30287 | Lair:5   | Noticed Urug
 30300 | Lair:5   | Killed Urug
 33282 | D:13     | Found a gate to the Vaults.
 34117 | D:14     | Reached skill level 10 in Fire Magic
 34447 | D:14     | Noticed Roxanne
 35119 | D:14     | Found a runed translucent gate.
 35181 | D:14     | Found a runed translucent gate.
 35181 | D:14     | Found a runed translucent gate.
 35181 | D:14     | Noticed a rockslime
 35183 | D:14     | Noticed an acid blob
 35185 | D:14     | Noticed Kapsuk's ghost (journeyman DECj)
 35486 | D:14     | Found a viscous altar of Jiyva.
 35499 | D:15     | Entered Level 15 of the Dungeon
 36604 | D:15     | Noticed Vochiuc's ghost (adept DEFE)
 36630 | D:15     | Found a runed translucent gate.
 36630 | D:15     | Found a runed translucent gate.
 36630 | D:15     | Found a runed translucent gate.
 36838 | D:15     | Identified the +4 ring mail of Submission {Rampage rN+}
 36852 | D:15     | Reached XP level 16. HP: 126/165 MP: 28/32
 37083 | D:15     | Noticed Jorgrun
 37098 | D:15     | Killed Jorgrun
 38498 | D:15     | Found a staircase to the Depths.
 38798 | Spider:1 | Entered Level 1 of the Spider Nest
 40192 | Spider:1 | HP: 7/165 [demonic crawler (16)]
 40551 | Spider:2 | Reached skill level 13 in Invocations
 40775 | Spider:2 | Learned a level 6 spell: Eringya's Noxious Bog
 41124 | Orc:2    | Bought a potion of curing for 45 gold pieces
 41124 | Orc:2    | Bought a potion of enlightenment for 75 gold pieces
 41129 | Orc:2    | Bought a potion of ambrosia for 192 gold pieces
 41256 | D:12     | Bought a potion of curing for 42 gold pieces
 41256 | D:12     | Bought a potion of haste for 140 gold pieces
 41256 | D:12     | Bought a potion of haste for 140 gold pieces
 41256 | D:12     | Bought a potion of curing for 42 gold pieces
 41256 | D:12     | Bought a potion of curing for 42 gold pieces
 43898 | Spider:4 | Entered Level 4 of the Spider Nest
 43901 | Spider:4 | Reached XP level 17. HP: 175/175 MP: 32/34
 47036 | Spider:4 | Reached skill level 10 in Alchemy
 47205 | Spider:4 | Got a gossamer rune of Zot
 47566 | Shoals:1 | Entered Level 1 of the Shoals
 47569 | Shoals:1 | Reached skill level 14 in Invocations
 47571 | Shoals:1 | Reached skill level 10 in Air Magic
 50445 | Shoals:2 | Noticed Donald
 50452 | Shoals:2 | Killed Donald
 50598 | Shoals:2 | Reached XP level 18. HP: 185/185 MP: 3/36
 50725 | Shoals:2 | Found Soory's Self-Improvement Boutique.
 50725 | Shoals:2 | Found Poramitt's Distillery.
 50890 | Shoals:2 | Bought a potion of resistance for 190 gold pieces
 50890 | Shoals:2 | Bought a potion of haste for 190 gold pieces
 50890 | Shoals:2 | Bought a potion of curing for 57 gold pieces
 50890 | Shoals:2 | Bought a potion of ambrosia for 152 gold pieces
 50905 | Shoals:2 | Learned a level 5 spell: Alistair's Intoxication
 50975 | Shoals:2 | Noticed Louise
 50990 | Shoals:2 | Killed Louise
 52526 | Shoals:3 | Found a glacial archway.
 52645 | IceCv    | Entered an ice cave
 53929 | IceCv    | Reached skill level 15 in Invocations
 55270 | IceCv    | Noticed a shard shrike
 55296 | IceCv    | Killed a shard shrike
 55686 | Shoals:3 | Noticed a titan
 55762 | Shoals:3 | Killed a titan
 56126 | Shoals:4 | Entered Level 4 of the Shoals
 56471 | Shoals:4 | Paralysed by an air elemental for 1 turns
 56474 | Shoals:4 | Paralysed by an air elemental for 1 turns
 56483 | Shoals:4 | Paralysed by an air elemental for 1 turns
 56486 | Shoals:3 | Paralysed by an air elemental for 1 turns
 56489 | Shoals:3 | Paralysed by an air elemental for 1 turns
 56984 | Shoals:4 | Paralysed by an air elemental for 1 turns
 57060 | Shoals:4 | Paralysed by a formless jellyfish for 1 turns
 57540 | Shoals:4 | Reached skill level 15 in Spellcasting
 58544 | Shoals:4 | Paralysed by an air elemental for 1 turns
 58616 | Shoals:4 | Reached XP level 19. HP: 161/197 MP: 35/38
 58734 | Shoals:4 | Reached skill level 10 in Evocations
 58734 | Shoals:4 | Identified the ring "Munalie" {Wiz rElec rC+ rCorr Str-5}
 59704 | Shoals:4 | Identified the +0 ring mail "Lacsi" {*Slow rF+ rN+ Str+2}
 59709 | Shoals:4 | Paralysed by an air elemental for 1 turns
 59712 | Shoals:4 | Paralysed by an air elemental for 1 turns
 60422 | Shoals:4 | Found a stormy altar of Qazlal.
 60674 | Shoals:4 | Identified the amulet "Dix Fevvo" {Fly Regen+ Str+2 Dex+4}
 61682 | Shoals:4 | Got the Grimoire of Foggy Graupel
 61685 | Shoals:4 | Got a barnacled rune of Zot
 62063 | Vaults:1 | Entered Level 1 of the Vaults
 62098 | Vaults:1 | Reached skill level 1 in Shields
 63620 | Vaults:1 | Found Enwikoos's Assorted Antiques.
 64287 | Vaults:1 | Reached skill level 15 in Fighting
 64562 | Vaults:1 | Reached skill level 5 in Shields
 66472 | Vaults:2 | Reached XP level 20. HP: 210/210 MP: 39/39
 66943 | Vaults:2 | Noticed Margery
 66947 | Vaults:2 | Noticed a hellephant
 66957 | Vaults:2 | Killed Margery
 67701 | Vaults:2 | Killed a hellephant
 68875 | Vaults:2 | Reached skill level 10 in Shields
 69426 | Vaults:2 | Identified the ring "Xeirouta" {Ice Fly rElec Slay+5
                  | Stlth-}
 70131 | Vaults:2 | Found a staircase to the Crypt.
 71072 | Vaults:3 | Upgraded the game from 0.31.0-4-g52a2dc7128 to
                  | 0.31.0-7-gf635a9b802
 72769 | Vaults:3 | Reached XP level 21. HP: 218/218 MP: 23/40
 72919 | Vaults:3 | Found Taymnid's Jewellery Shoppe.
 73945 | Vaults:3 | Reached skill level 10 in Dodging
 77064 | Vaults:4 | Identified the +4 scale mail of the Last Jumping Stars
                  | {rElec Int+4}
 77090 | Vaults:4 | Found a runed translucent gate.
 77090 | Vaults:4 | Found a runed translucent gate.
 77092 | Vaults:4 | Found a runed translucent gate.
 77095 | Vaults:4 | Noticed crisisinutopia's ghost (adept MiFi)
 77095 | Vaults:4 | Noticed tamionv's ghost (adept GrFi)
 77978 | Vaults:4 | Noticed a golden dragon
 77987 | Vaults:4 | Killed a golden dragon
 78854 | Vaults:4 | Learned a level 5 spell: Arcjolt
 79012 | Depths:1 | Entered Level 1 of the Depths
 79017 | Depths:1 | Noticed Mara
 79019 | Depths:1 | Upgraded the game from 0.31.0-7-gf635a9b802 to
                  | 0.31.0-9-g3a7656b989
 79020 | Depths:1 | Noticed emikaela's illusion
 79194 | Elf:1    | Entered Level 1 of the Elven Halls
 79198 | Elf:1    | Noticed Tautzat's ghost (journeyman DsFi)
 79422 | Elf:1    | Reached skill level 16 in Invocations
 79817 | Orc:2    | Reached skill level 1 in Maces & Flails
 79893 | Orc:2    | Paralysed by an air elemental for 1 turns
 79929 | Elf:1    | Paralysed by an air elemental for 1 turns
 79984 | Elf:1    | Paralysed by an air elemental for 1 turns
 79989 | Elf:1    | Paralysed by an air elemental for 1 turns
 79994 | Orc:2    | Paralysed by an air elemental for 1 turns
 80315 | Elf:1    | Reached XP level 22. HP: 198/227 MP: 4/42
 80558 | Elf:1    | Found a runed translucent door.
 81619 | Elf:1    | Got the Folio of Leaden Accomplices
 81624 | Elf:1    | Learned a level 3 spell: Passwall
 81984 | Elf:2    | Paralysed by an air elemental for 1 turns
 81987 | Elf:2    | Paralysed by an air elemental for 1 turns
 82262 | Elf:2    | Reached skill level 1 in Earth Magic
 82376 | Elf:2    | Paralysed by an air elemental for 1 turns
 82882 | Elf:2    | Reached skill level 15 in Fire Magic
 83484 | Elf:2    | Found a runed translucent gate.
 83484 | Elf:2    | Found a runed translucent gate.
 83484 | Elf:2    | Found a runed translucent gate.
 83857 | Elf:3    | Entered Level 3 of the Elven Halls
 83857 | Elf:3    | Found Jaryc's Antique Armour Shop.
 83872 | Elf:3    | Found Gallioq's Jewellery Shop.
 83933 | Elf:3    | Found a shimmering blue altar of Sif Muna.
 83939 | Elf:3    | Found Pemy's General Store.
 83982 | Elf:3    | Bought a jewelled robe for 131 gold pieces
 83982 | Elf:3    | Identified the +1 robe "Rogh" {Dex+3} (You bought it in a
                  | shop on level 3 of the Elven Halls)
 83996 | Elf:3    | Reached skill level 5 in Maces & Flails
 84485 | Elf:3    | Found Geziplu's Magic Scroll Emporium.
 84689 | Elf:3    | Found Tonewokk's Assorted Antiques.
 85290 | Elf:3    | Identified the +2 ring mail "Xaddaukhal" {Rampage rC+}
 85638 | Elf:3    | Identified the amulet of Fopricin {Harm rElec rC- Regen+
                  | MP+9}
 85861 | Elf:3    | Identified the ring "Deanitos" {rCorr SInv}
 86461 | Elf:3    | Identified the ring of Secrets {Ice rPois}
 86674 | Elf:3    | Identified the +5 sling "Lofuagh" {elec, rPois Str+2
                  | Stlth+}
 87097 | Elf:3    | Found the +8 storm bow {elec, penet}
 87113 | Elf:3    | Got the Discursus on the Beaker and Electricity
 87172 | Elf:3    | Identified the staff of Woe {Str+3 Earth}
 87499 | D:15     | Killed Mara
 87664 | D:15     | Killed Vochiuc's ghost
 87801 | D:15     | Acquired 1100 gold pieces
 88652 | Depths:1 | Reached skill level 1 in Armour
 89014 | Depths:1 | Found a one-way gate leading to the halls of Pandemonium.
 89186 | Depths:1 | Found a gateway to Hell.
 89714 | Depths:2 | Found Heps's Magic Scroll Shop.
 89729 | Depths:2 | Reached skill level 10 in Conjurations
 89867 | Depths:2 | Found a one-way gate to the infinite horrors of the Abyss.
 90022 | Depths:2 | Found a shadowy altar of Dithmenos.
 90103 | Depths:2 | Found Byic's Magic Scroll Boutique.
 90107 | Depths:2 | Found Wufoucs's Weapon Boutique.
 90107 | Depths:2 | Found Omnuf's Book Shop.
 90110 | Depths:2 | Found Zanikoi's Antique Weapon Shop.
 90112 | Depths:2 | Bought a scroll of revelation for 112 gold pieces
 90131 | Depths:2 | Noticed Grunn
 90146 | Depths:2 | Found a one-way gateway to a ziggurat.
 90493 | Depths:2 | Reached XP level 23. HP: 235/235 MP: 41/43
 91852 | Depths:2 | Reached skill level 5 in Armour
 91852 | Depths:2 | Killed Grunn
 92120 | Depths:2 | Reached skill level 10 in Maces & Flails
 92824 | Shoals:2 | Bought a manual of Air Magic for 1120 gold pieces
 92824 | Shoals:2 | Bought a manual of Throwing for 1120 gold pieces
 94077 | Depths:2 | Got the Guide on Undead Excavation
 94592 | Depths:3 | Reached skill level 1 in Throwing
 94660 | Depths:3 | Found a flickering gateway to a bazaar.
 94683 | Bazaar   | Entered a bazaar
 94683 | Bazaar   | Found Ziylitod's Distillery.
 94683 | Bazaar   | Found Kafy's Antique Armour Shoppe.
 94683 | Bazaar   | Found Qyshre Mopt's General Store.
 94851 | Bazaar   | Found Jule's Antique Weapon Emporium.
 94874 | Bazaar   | Found Plog's Jewellery Boutique.
 94902 | Bazaar   | Bought a scroll of enchant weapon for 67 gold pieces
 94902 | Bazaar   | Bought a potion of curing for 27 gold pieces
 94914 | Bazaar   | Bought a potion of invisibility for 88 gold pieces
 94914 | Bazaar   | Bought a potion of heal wounds for 55 gold pieces
 94914 | Bazaar   | Bought a potion of resistance for 110 gold pieces
 94914 | Bazaar   | Bought a potion of invisibility for 88 gold pieces
 94914 | Bazaar   | Bought a potion of curing for 33 gold pieces
 94922 | Bazaar   | Bought a translucent tower shield for 161 gold pieces
 94922 | Bazaar   | Identified the +4 tower shield "Pinkas" {^Drain rElec rPois
                  | Dex+6} (You bought it in a shop in a bazaar)
 94922 | Bazaar   | Bought an embroidered cloak for 127 gold pieces
 95449 | Depths:3 | Noticed Xtahua
 95463 | Depths:3 | Killed Xtahua
 96855 | Depths:3 | Found the +6 Majin-Bo {spellvamp, MP+6 Int+6}
 96859 | Depths:3 | Reached skill level 5 in Throwing
 97049 | Depths:3 | Found an opulent altar of Gozag.
 97507 | Depths:4 | Entered Level 4 of the Depths
 97656 | Depths:4 | Noticed a golden dragon
 97656 | Depths:4 | Noticed a golden dragon
 98267 | Depths:4 | Killed a golden dragon
100439 | Depths:4 | Reached XP level 24. HP: 192/244 MP: 20/43
101456 | Depths:4 | Reached skill level 10 in Armour
103506 | Depths:4 | Found a gate to the Realm of Zot.
104133 | Lair:4   | Found a staircase to the Slime Pits.
104174 | Slime:1  | Entered Level 1 of the Pits of Slime
104445 | Slime:3  | Paralysed by a formless jellyfish for 1 turns
104661 | Slime:2  | Reached skill level 10 in Throwing
104661 | Slime:2  | Reached skill level 15 in Air Magic
104819 | Slime:3  | Reached skill level 15 in Shields
105037 | Elf:3    | Bought the amulet of the Air {Inacc Air Fly rElec RMsl} for
                  | 601 gold pieces
105037 | Elf:3    | Found the amulet of the Air {Inacc Air Fly rElec RMsl}
105618 | Slime:4  | Paralysed by a formless jellyfish for 1 turns
106015 | Slime:4  | Learned a level 8 spell: Maxwell's Capacitive Coupling
106022 | Slime:5  | Entered Level 5 of the Pits of Slime
106051 | Slime:5  | Noticed the Royal Jelly
107670 | Slime:5  | Killed the Royal Jelly
107674 | Slime:4  | Zin protects you from harm!
107674 | Slime:4  | HP: 10/244 [rockslime (13)]
107674 | Slime:4  | HP: 2/244 [rockslime (8)]
109334 | Slime:5  | Identified the +6 dire flail of Lominka Mumu {spect, rF+
                  | Will- MP+9 Dex+3}
109355 | Slime:5  | Found the +5 scythe "Finisher" {speed, execute}
109381 | Slime:5  | Identified the +0 scale mail of Logi {-Tele rC+ rN+++
                  | rCorr}
109382 | Slime:5  | Identified the ring "Maumef" {rPois rN+ Int+2}
109527 | Slime:5  | Got a slimy rune of Zot
109539 | Slime:5  | Identified the ring "Ophips" {Fly Int+3}
110738 | Zot:1    | Entered Level 1 of the Realm of Zot
110738 | Zot:1    | Noticed a curse toe
110751 | Zot:1    | HP: 11/244 [tentacled monstrosity (4)]
111167 | Depths:2 | Bought a scroll of enchant armour for 112 gold pieces
111167 | Depths:2 | Bought a scroll of teleportation for 45 gold pieces
111207 | Depths:2 | Bought a scroll of teleportation for 60 gold pieces
111207 | Depths:2 | Bought a scroll of teleportation for 60 gold pieces
111207 | Depths:2 | Bought a scroll of teleportation for 60 gold pieces
111207 | Depths:2 | Bought a scroll of teleportation for 60 gold pieces
111344 | Zot:1    | Killed a curse toe
111345 | Zot:1    | Reached XP level 25. HP: 173/252 MP: 42/43
118393 | Zot:2    | Noticed a dread lich
118403 | Zot:2    | Killed a dread lich
118683 | Zot:2    | Noticed an orb of fire
119137 | Zot:2    | Noticed an ancient lich
119159 | Zot:2    | Killed an ancient lich
119239 | Zot:2    | Killed an orb of fire
121907 | Zot:3    | Reached XP level 26. HP: 258/259 MP: 40/43
123683 | Zot:3    | Reached skill level 17 in Invocations
131953 | Zot:4    | Reached skill level 18 in Invocations
133110 | Zot:5    | Entered Level 5 of the Realm of Zot
133380 | Zot:5    | Noticed an orb of fire
133758 | Zot:5    | Killed an orb of fire
133759 | Zot:5    | Reached XP level 27. HP: 153/278 MP: 44/44
133943 | Zot:5    | Paralysed by a Zot trap for 3 turns
135046 | Zot:5    | Paralysed by a Zot trap for 3 turns
135066 | Zot:5    | Reached skill level 15 in Maces & Flails
135253 | Zot:5    | Noticed an orb of fire
135256 | Zot:5    | Killed an orb of fire
135637 | Zot:5    | Noticed an orb of fire
135642 | Zot:5    | Killed an orb of fire
135643 | Zot:5    | Reached skill level 19 in Invocations
137945 | Zot:5    | Noticed an orb of fire
138153 | Zot:4    | Killed an orb of fire
138379 | Zot:5    | Reached skill level 20 in Invocations
138379 | Zot:5    | Noticed an ancient lich
138548 | Zot:5    | Killed an ancient lich
140018 | Zot:5    | Got the Orb of Zot
140404 | D:10     | Noticed Emoge the pandemonium lord
140409 | D:10     | Killed Emoge the pandemonium lord
140600 | D:1      | Donated 1133 gold pieces to Zin
140627 | D:$      | Escaped with the Orb!

Illustrated notes

Levels and vault maps discovered:
D:1:      onia_arrival_mini_spirals, layout_basic, serial_shops,
          nicolae_square_shop, st_stairs_10
D:2:      layout_loops_ring, uniq_terence, uniq_sigmund
D:3:      layout_basic, serial_bayou_crossing
D:4:      layout_gridville, zin_scriptorium, overflow_temple_1_default
D:5:      layout_rooms, mainiacjoe_overflow_catwalk
D:6:      layout_cave_pools, dk_noncrumbling_4
D:7:      layout_basic, kennysheep_little_box, minmay_temple_entry_proselytizer,
          gammafunk_ghost_arena
D:8:      layout_cave_pools
D:9:      minmay_curly_fans, layout_stronghold, david_lair_generic,
          kennysheep_generic_room_7
D:10:     layout_loops_cross, nicolae_overflow_hidden_temple, zombieorc1_lemuel
D:11:     layout_basic, serial_shops, shop,
          nicolae_shop_competitors_out_of_business, kennysheep_mini_moat,
          nicolae_shop_hallway_plus, shop_coins, hangedman_minor_magic
D:12:     layout_rooms, special_room [special_room_orc], serial_shops, shop,
          shop, nicolae_shop_tiny_waterfront
D:13:     layout_gridville, ximxim_vaults_locker_room
D:14:     layout_roguey, gammafunk_ghost_ooze, minmay_holes, uniq_roxanne
D:15:     gammafunk_depths_entry_grave, layout_long_grid, minmay_fountain_box,
          serial_undead, serial_undead_a, serial_undead_a, serial_undead_f,
          serial_undead_b, maelrawn_ghost_gauntlet_escape, uniq_jorgrun
Lair:1:   layout_roguey, st_stairs_7
Lair:2:   layout_roguey, minmay_shoals_entry_hut, grunt_megastairs_2
Lair:3:   layout_long_grid, spider_nest_entry_web_field, enter_volcano_2,
          serial_bayou_shore_b, serial_bayou_shore_a
Lair:4:   layout_loops_ring, minmay_slime_entry_oklob_enclosed,
          small_statue_intersection
Lair:5:   hangedman_lair_tendril_chambers, layout_hall_layers,
          guppyfry_lair_end_dragon, uniq_urug
Shoals:1: layout_shoals
Shoals:2: layout_shoals, serial_shops, shop, abandoned_shop,
          nicolae_shop_self_help, uniq_donald, uniq_louise
Shoals:3: cheibrodos_shoals_gigantism, layout_shoals,
          portal_ice_cave_entry_pillars_1
Shoals:4: shoals_end_hellmonk_storm_palace [storm_palace_center_square,
          storm_palace_corner_altar, storm_palace_corner_grid,
          storm_palace_corner_pillars, storm_palace_corner_reverse_hut]
Spider:1: layout_spider_delve
Spider:2: layout_spider_delve
Spider:3: layout_chambers
Spider:4: grunt_spider_rune_circles, hangedman_spider_tarantella_strand
Slime:1:  layout_caves
Slime:2:  layout_caves
Slime:3:  layout_caves
Slime:4:  layout_caves
Slime:5:  slime_pit_nicolae_amoeboid
Orc:1:    cheibrodos_orc_bank, layout_caves, uniq_snorg
Orc:2:    st_orc_rangers, layout_diamond_mine, uniq_erolcha
Elf:1:    layout_gridlike, hellmonk_ghost_big_iron, minivault_28,
          serial_library_hellmonk_secret_room, hangedman_glass_teeth,
          minivault_28
Elf:2:    elven_hall_of_blades_hangedman_original
          [nicolae_blade_entry_crossed_weapons], layout_loops_ring,
          grunt_ministairs_2, hex_medium
Elf:3:    nooodl_elf_gasket, layout_gridlike, serial_shops,
          nicolae_shop_crystal, shop, nicolae_lakefront_shop, shop,
          nicolae_diamond_shop, basic_altar
Vaults:1: nicolae_vaults_thirteen_compartments, hangedman_vaults_nails,
          v_pattern_4, nicolae_vaults_shrinking_rooms_1, v_misc_32,
          nicolae_vaults_frosty_reception, nicolae_vaults_storage_closets_2,
          grunt_vaults_diagonal, v_misc_25, ontoclasm_vaults_loading_screen,
          nicolae_vaults_specimen_jars, nicolae_vaults_double_plus_1,
          layout_vaults_omnicross, serial_shops, shop
Vaults:2: nicolae_vaults_little_squares_4, nicolae_vaults_network_star,
          minmay_crypt_entry_simple_box, v_misc_3, vaults_dpeg_cross,
          hangedman_vaults_restitches, v_misc_11, nicolae_vaults_asterisk,
          layout_vaults_omnigrid, uniq_margery
Vaults:3: grunt_vaults_trifunnel, vaults_dpeg_emergency_exit,
          ontoclasm_vaults_gallery, v_pattern_1, v_misc_5,
          nicolae_vaults_alarming, vaults_room_boxed, ontoclasm_vaults_spin,
          nicolae_vaults_diamond_1, v_misc_25, layout_vaults_omnibox,
          serial_shops, nicolae_shop_window_shopping
Vaults:4: gammafunk_ghost_cemetery, hangedman_vaults_stagger,
          nicolae_vaults_turnstiles, vaults_dpeg_ring,
          vaults_standard_mumra_enter_the_diamond, nicolae_vaults_tetromino_L_1,
          v_misc_31, grunt_vaults_focal, nicolae_vaults_cornered_office,
          vaults_room_pool, nicolae_vaults_tetromino_T_2, layout_vaults_big_room
Depths:1: layout_cave_pools, rand_demon_pan_entry_8, hell_entry,
          lightli_minifort, grunt_megastairs_3, uniq_mara
Depths:2: dreamdust_isle_of_ice, layout_gridlike, enter_ziggurat_c,
          rand_demon_pan_entry_4, abyss_entry, hell_entry,
          grunt_dithmenos_smoke_and_mirrors, serial_shops, shop,
          infiniplex_staircase_door_maze, minmay_shoptagon, uniq_grunn
Depths:3: minmay_guarded_unrand_majin_bo, layout_gridlike, serial_shops,
          bzr_entry_dummy, grunt_gozag_statues, hell_entry, abyss_entry,
          rand_demon_pan_entry_3, infiniplex_staircase_pool_1, uniq_xtahua
Depths:4: lemuel_castle_with_subvaults [lemuel_castle_interior_carwin_2],
          layout_cave_shapes, hell_entry, minivault_11, serial_sigils,
          serial_sigils_hangedman_quiver, serial_sigils_hangedman_snap,
          serial_sigils_hangedman_scar, serial_sigils_hangedman_writhe
Zot:1:    nicolae_zot_stationary_front, layout_onion_interference,
          regret_index_zotdec_glowing_original
Zot:2:    hangedman_zot_vaults_quadrants, layout_concentric_octagons,
          regret_index_zotdec_ex
Zot:3:    lemuel_acid_trip, layout_concentric_octagons
Zot:4:    layout_basic, regret_index_zotdec_tunneler,
          regret_index_zotdec_twisting_globes
Zot:5:    layout_basic

Skill      XL: |  1  2  3  4  5  6  7  8  9 10 11 12 13 14 15 16 17 18 19 20 21 22 23 24 25 26 27 |
---------------+----------------------------------------------------------------------------------+-----
Conjurations   | 1 2 3 6 8 10 | 10.0
Fighting       | 1 2 3 4 5 8 9 12 13 14 15 16 17 | 17.4
Alchemy        | 3 4 5 6 7 8 9 10 11 | 11.0
Air Magic      | 1 2 3 6 8 9 10 11 12 13 16 18 | 18.2
Spellcasting   | 3 4 5 6 8 10 11 12 13 14 15 16 17 | 17.3
Invocations    | 3 6 7 9 10 12 13 14 15 16 18 20 | 20.4
Dodging        | 3 4 5 6 8 10 | 10.0
Stealth        | 3 4 5 |  5.0
Fire Magic     | 3 5 6 7 9 11 12 14 15 | 15.0
Translocations | 2 4 |  4.0
Evocations     | 4 5 6 8 9 10 | 10.0
Shields        | 7 12 13 15 16 | 16.0
Maces & Flails | 2 9 10 12 13 14 16 | 16.0
Earth Magic    | 4 |  4.0
Armour         | 2 9 10 11 12 | 12.0
Throwing       | 7 10 13 14 | 14.3

Action                     |  1- 3 |  4- 6 |  7- 9 | 10-12 | 13-15 | 16-18 | 19-21 | 22-24 | 25-27 || total
---------------------------+-------+-------+-------+-------+-------+-------+-------+-------+-------++-------
  Melee: Dagger            |    26 |    36 |    20 |    30 |    10 |       |       |       |       ||   122
         Unarmed           |     1 |       |       |       |       |       |       |       |       ||     1
         Headbutt          |     3 |     1 |    17 |    57 |    72 |    24 |    30 |   112 |   128 ||   444
         Staff             |       |     2 |    60 |   196 |   262 |    78 |    62 |       |       ||   660
         Punch             |       |       |       |     3 |     2 |     1 |       |       |       ||     6
         Eveningstar       |       |       |       |       |       |       |    42 |   339 |   578 ||   959
  Throw: Javelin           |       |       |       |       |       |       |     2 |       |       ||     2
         Throwing net      |       |       |       |       |       |       |       |       |     6 ||     6
   Cast: Sting             |    50 |    71 |   123 |   183 |   248 |    10 |       |       |       ||   685
         Mercury Vapours   |     5 |     7 |    15 |     9 |    26 |     2 |     2 |     3 |     2 ||    71
         Mephitic Cloud    |       |     1 |     9 |    40 |    79 |    25 |    29 |     3 |     2 ||   188
         Olgreb's Toxic Ra |       |       |    12 |    74 |   172 |   116 |   208 |   175 |    87 ||   844
         Sticky Flame      |       |       |     6 |    56 |   126 |    68 |    48 |    48 |    81 ||   433
         Flame Wave        |       |       |       |       |    25 |    11 |       |       |       ||    36
         Blink             |       |       |       |       |     2 |       |     3 |     1 |       ||     6
         Plasma Beam       |       |       |       |       |    50 |   480 |   549 |   651 |   666 ||  2396
         Apportation       |       |       |       |       |     1 |       |       |     2 |     1 ||     4
         Eringya's Noxious |       |       |       |       |       |     5 |     1 |    13 |       ||    19
         Starburst         |       |       |       |       |       |     3 |     7 |    23 |    14 ||    47
         Alistair's Intoxi |       |       |       |       |       |     1 |       |       |       ||     1
         Arcjolt           |       |       |       |       |       |       |       |    73 |    33 ||   106
         Maxwell's Capacit |       |       |       |       |       |       |       |     1 |    11 ||    12
         Passwall          |       |       |       |       |       |       |       |       |     3 ||     3
 Invoke: Recite            |       |       |     9 |    26 |    10 |     9 |    26 |    30 |    14 ||   124
         Vitalisation      |       |       |       |     1 |     2 |     2 |     6 |    14 |     6 ||    31
         Imprison          |       |       |       |       |       |       |     1 |       |       ||     1
         Sanctuary         |       |       |       |       |       |       |       |     2 |     2 ||     4
         Donate Gold       |       |       |       |       |       |       |       |       |     1 ||     1
  Evoke: Wand              |       |       |       |       |     8 |     7 |       |     3 |     2 ||    20
         Lightning rod     |       |       |       |       |       |     3 |       |       |       ||     3
         Phantom mirror    |       |       |       |       |       |       |     1 |     1 |     2 ||     4
         Phial of floods   |       |       |       |       |       |       |     1 |     1 |       ||     2
         Condenser vane    |       |       |       |       |       |       |     1 |     1 |       ||     2
         Sack of spiders   |       |       |       |       |       |       |       |     2 |     1 ||     3
    Use: Scroll            |       |     3 |     3 |    13 |     8 |     3 |    11 |    18 |     7 ||    66
         Potion            |       |       |       |     2 |     1 |     8 |     1 |     9 |     1 ||    22
   Stab: Sleeping          |     2 |       |       |       |     3 |       |       |       |       ||     5
         Confused          |       |       |     2 |     7 |    17 |     1 |     3 |     1 |       ||    31
         Invisible         |       |       |       |     2 |     1 |       |       |     1 |       ||     4
         Distracted        |       |       |       |     1 |       |       |     1 |     8 |    12 ||    22
         Paralysed         |       |       |       |       |     3 |       |       |       |       ||     3
         Held in net/web   |       |       |       |       |       |       |       |       |     1 ||     1
 Armour: Robe              |    19 |    40 |    84 |   244 |   423 |   400 |   294 |   333 |       ||  1837
         Fire dragon scale |       |       |       |       |       |       |       |   341 |   524 ||   865
         Quicksilver drago |       |       |       |       |       |       |       |       |   382 ||   382
  Dodge: Dodged            |    17 |    28 |    52 |   175 |   227 |   162 |   128 |   192 |   241 ||  1222
         Repelled          |       |       |       |       |       |       |       |     4 |    32 ||    36
  Block: Other             |       |       |       |       |    44 |    60 |     7 |       |       ||   111
         Reflection        |       |       |       |       |     1 |     8 |    57 |    16 |    17 ||    99
         Kite shield       |       |       |       |       |       |       |   233 |   471 |   581 ||  1285
